 Dungeon Sprint DCSS version 0.23.1-37-gaa34b87 (webtiles) character file.

Game seed: 8700642982654605772

278 nuthulu the Cleaver (level 7, -3/69 HPs)
             Began as a Formicid Fighter on Mar 20, 2019.
             Was a High Priest of Qazlal.
             Slain by the 26-headed Lernaean hydra (13 damage)
             ... in the Dungeon (Sprint VI: "Thunderdome").
             The game lasted 00:04:07 (629 turns).

nuthulu the Cleaver (Formicid Fighter)               Turns: 629, Time: 00:04:08

Health: -3/69      AC: 11    Str: 21    XL:     7   Next: 93%
Magic:  1/7        EV:  7    Int: 10    God:    Qazlal [*****.]
Gold:   120        SH: 15    Dex: 10    Spells: 6/6 levels left

rFire    + . .     SeeInvis +   d - +0 executioner's axe
rCold    + + +     Gourm    .   c - +0 shield
rNeg     + . .     Faith    +   b - +0 scale mail
rPois    +         Spirit   .   (helmet unavailable)
rElec    +         Reflect  .   p - +0 cloak
rCorr    +         Harm     .   (no gloves)
MR       +....                  (no boots)
Stlth    ..........             t - amulet "Eqinal" {Faith rC+ rN+}
HPRegen  0.21/turn              q - ring "Guuqykeff" {rPois rC+ MR+}
MPRegen  0.10/turn              s - ring "Tuvauxt" {+Blink rElec Int+3 Dex-2} (curse)

@: resistant, protected from physical damage, repel missiles
A: permanent stasis, dig shafts and tunnels, four strong arms, antennae 3
a: Dig, Upheaval, Elemental Force, Disaster Area, Renounce Religion


You were in the Dungeon.
You worshipped Qazlal.
Qazlal was extremely pleased with you.
You were not hungry.

You visited 1 branch You collected 600 gold pieces.
You spent 480 gold pieces at shops.

Inventory:

Hand Weapons
 a - a +0 war axe
 d - a +0 executioner's axe (weapon)
Armour
 b - a +0 scale mail (worn)
 c - a +0 shield (worn)
 p - a +0 cloak (worn)
Jewellery
 q - the ring "Guuqykeff" (left hand) {rPois rC+ MR+}
   (You bought it in a shop in the Dungeon)

   [ring of protection from magic]

   It protects you from cold.
   It protects you from poison.
   It affects your resistance to hostile enchantments.
 r - the ring of the Peculiar Stars {Dex+2 SInv}
   (You bought it in a shop in the Dungeon)

   [ring of see invisible]

   It affects your dexterity (+2).
   It lets you see invisible.
 s - the cursed ring "Tuvauxt" (right hand) {+Blink rElec Int+3 Dex-2}
   (You bought it in a shop in the Dungeon)

   [ring of dexterity]

   It affects your intelligence (+3).
   It affects your dexterity (-2).
   It insulates you from electricity.
   It lets you blink.
   It has a curse placed upon it.
 t - the amulet "Eqinal" (around neck) {Faith rC+ rN+}
   (You bought it in a shop in the Dungeon)

   [amulet of faith]

   It allows you to gain divine favour quickly.
   It protects you from cold.
   It protects you from negative energy.
Wands
 l - a wand of acid (2)
Scrolls
 k - 4 scrolls of blinking
 n - 3 scrolls of fog
Potions
 e - a potion of curing
 h - 4 potions of haste
 i - 2 potions of magic
 j - a potion of berserk rage
 o - a potion of resistance
Comestibles
 f - a ration


   Skills:
 + Level 11.9 Fighting
 * Level 12.0 Axes
 - Level 3.2 Armour
 - Level 3.6 Shields


You had 6 spell levels left.
You didn't know any spells.
Your spell library was empty.

Dungeon Overview and Level Annotations

Branches:
Dungeon (1/1)

Altars:
Cheibriados
Dithmenos
Fedhas
Gozag
Kikubaaqudgha
Makhleb
Okawaru
Qazlal
Ru
Sif Muna
Trog
Uskayaw
Vehumet
Wu Jian
Xom
Yredelemnul
Zin
The Shining One
Beogh
Jiyva
Lugonu

Shops:
D *[%??*?*:[((!!!!

Annotations:
D Lernaean hydra


Innate Abilities, Weirdness & Mutations

You cannot be hasted, slowed, berserked, paralysed or teleported.
You can dig through walls and to a lower floor.
Your four strong arms can wield two-handed weapons with a shield.
You have a pair of large antennae on your head. (SInv)


Message History

You block the 26-headed Lernaean hydra's attack.
The spiny frog closely misses you.
Unknown command.
Unknown command.
Unknown command.
Unknown command.
Unknown command.
You feel much better. The 26-headed Lernaean hydra bites you!
You feel more protected from physical attacks.
The 26-headed Lernaean hydra bites you!
* * * LOW HITPOINT WARNING * * *
You feel more protected from physical attacks.
You block the 26-headed Lernaean hydra's attack.
The 26-headed Lernaean hydra bites you.
* * * LOW HITPOINT WARNING * * *
You feel more protected from physical attacks.
The 26-headed Lernaean hydra bites you but does no damage.
You block the 26-headed Lernaean hydra's attack.
The 26-headed Lernaean hydra bites you!
You die...

##∩.....∩##
#∩...(...∩#
#_......._#
#_......._#
#_..(...._#
#....((...###
.%(.(......⌠#
8(...(..†.8.######
....###.).(...○_@##
..8.# #.8.......DF###
....###.......○..E..##
(###)..###..........⌠#
.# #.<.# #..........⌠#
.###...###..........⌠#
(...###)..(.........##
.(8.# #.8(.......∩###
(...###[.....___∩##


You could see the 26-headed Lernaean hydra, a spiny frog and a friendly water
elemental.

Vanquished Creatures
  A kobold demonologist (D)
  4 big kobolds (D)
  A hound (D)
  Crazy Yiuf (D)
  A gnoll shaman (D)
  Ijyb (D)
  3 gnolls (D)
  2 goblins (D)
  8 kobolds (D)
22 creatures vanquished.

Vanquished Creatures (others)
  A kobold (D)
1 creature vanquished.

Grand Total: 23 creatures vanquished

Notes
Turn   | Place    | Note
-------+----------+-------------------------------------------
     0 | D        | nuthulu the Formicid Fighter began the quest for the Orb.
     0 | D        | Reached XP level 1. HP: 18/18 MP: 1/1
     1 | D        | Found a glowing golden altar of the Shining One.
     1 | D        | Found a snail-covered altar of Cheibriados.
     2 | D        | Found a shadowy altar of Dithmenos.
     2 | D        | Found an ancient bone altar of Kikubaaqudgha.
     3 | D        | Found a bloodstained altar of Trog.
     4 | D        | Found a shimmering altar of Xom.
     4 | D        | Found Yduhex's Weapon Rack.
     4 | D        | Found Cymecal's Premium Goods.
     5 | D        | Found Titol's Basic Armour.
     5 | D        | Found Agoviv's Miscellaneous Merchandise.
     5 | D        | Round 1.
     7 | D        | Found a radiant altar of Vehumet.
     8 | D        | Found an opulent altar of Gozag.
     9 | D        | Found a glowing silver altar of Zin.
    10 | D        | Found Usaegiv's Identification Station.
    11 | D        | Found Wiluu's Advanced Armour.
    11 | D        | Found Epuer's Jewellery.
    11 | D        | Found a roughly hewn altar of Beogh.
    11 | D        | Found a deep blue altar of Sif Muna.
    11 | D        | Found a stormy altar of Qazlal.
    11 | D        | Found Niuleism's Delicious Food.
    15 | D        | Found an iron altar of Okawaru.
    16 | D        | Found a burning altar of Makhleb.
    17 | D        | Found a basalt altar of Yredelemnul.
    18 | D        | Found a blossoming altar of Fedhas.
    18 | D        | Found a sacrificial altar of Ru.
    18 | D        | Found a corrupted altar of Lugonu.
    18 | D        | Found Jajoasy's Magic Scroll Shop.
    18 | D        | Found Boellakecs's Staff Store.
    26 | D        | Became a worshipper of Qazlal Stormbringer
    33 | D        | Found Obood's Magic Scroll Shop.
    33 | D        | Found Ciul's Must-Have Magic.
    38 | D        | Found a hide-covered altar of Uskayaw.
    39 | D        | Found a viscous altar of Jiyva.
    42 | D        | Found Wochex's Distillery.
    42 | D        | Found an ornate altar of the Wu Jian Council.
    42 | D        | Found Siud Zafy's Do-It-Yourself Clinic.
    43 | D        | Found Qanefiotra's Distillery.
    43 | D        | Found Avvaitt's Bottled Wisdom.
    47 | D        | Noticed a big kobold
    79 | D        | Killed a big kobold
    79 | D        | Reached * piety under Qazlal
    79 | D        | Reached skill level 5 in Axes
    79 | D        | Reached XP level 2. HP: 11/31 MP: 2/2
    79 | D        | Reached XP level 3. HP: 12/36 MP: 3/3
    79 | D        | Reached XP level 4. HP: 15/43 MP: 4/4
   133 | D        | Noticed a big kobold
   134 | D        | Noticed Ijyb
   144 | D        | Killed Ijyb
   144 | D        | Reached skill level 6 in Axes
   144 | D        | Reached XP level 5. HP: 22/48 MP: 5/5
   146 | D        | Killed a big kobold
   146 | D        | Arena points: 12 (+12) [x2]
   146 | D        | Reached skill level 7 in Axes
   196 | D        | Round 2.
   213 | D        | Reached ** piety under Qazlal
   213 | D        | Reached skill level 8 in Axes
   217 | D        | Reached XP level 6. HP: 56/59 MP: 6/6
   221 | D        | Noticed Crazy Yiuf
   238 | D        | Killed Crazy Yiuf
   238 | D        | Reached *** piety under Qazlal
   238 | D        | Reached skill level 10 in Fighting
   238 | D        | Reached skill level 9 in Axes
   250 | D        | Arena points: 54 (+42) [x3]
   267 | D        | Round 3.
   342 | D        | Reached **** piety under Qazlal
   383 | D        | Arena points: 138 (+84) [x4]
   396 | D        | Bought a +0 executioner's axe for 300 gold pieces
   413 | D        | Bought a translucent lead ring for 45 gold pieces
   413 | D        | Bought a pitted steel ring for 45 gold pieces
   413 | D        | Identified the ring "Guuqykeff" {rPois rC+ MR+} (You bought
                  | it in a shop in the Dungeon)
   414 | D        | Identified the ring of the Peculiar Stars {Dex+2 SInv} (You
                  | bought it in a shop in the Dungeon)
   426 | D        | Round 4.
   482 | D        | Reached skill level 10 in Axes
   504 | D        | Noticed a kobold demonologist
   506 | D        | Noticed an orange demon
   515 | D        | Noticed an orange demon
   516 | D        | Noticed an orange demon
   516 | D        | Killed a kobold demonologist
   516 | D        | Reached skill level 11 in Axes
   516 | D        | Reached XP level 7. HP: 45/69 MP: 7/7
   523 | D        | Reached ***** piety under Qazlal
   523 | D        | Reached skill level 12 in Axes
   550 | D        | Arena points: 278 (+140) [x5]
   561 | D        | Bought a twitching marble ring for 45 gold pieces
   561 | D        | Bought a serpentine golden amulet for 45 gold pieces
   562 | D        | Identified the cursed ring "Tuvauxt" {+Blink rElec Int+3
                  | Dex-2} (You bought it in a shop in the Dungeon)
   563 | D        | Identified the amulet "Eqinal" {Faith rC+ rN+} (You bought
                  | it in a shop in the Dungeon)
   592 | D        | Round 5.
   598 | D        | Noticed the 27-headed Lernaean hydra
   613 | D        | Noticed a spiny frog
   628 | D        | HP: 3/69 [the 26-headed Lernaean hydra (5)]
   628 | D        | HP: 1/69 [the 26-headed Lernaean hydra (1)]
   629 | D        | Slain by the 26-headed Lernaean hydra

Skill      XL: |  1  2  3  4  5  6  7 |
---------------+----------------------+-----
Fighting       | 7 9 11 | 11.9
Axes           | 5 6 8 11 12 | 12.0
Armour         | |  3.2
Shields        | |  3.6

Action                   |  1- 3 |  4- 6 |  7- 9 || total
-------------------------+-------+-------+-------++-------
Melee: War axe           |    28 |    28 |       ||    56
       Executioner's axe |       |    13 |    10 ||    23
Throw: Stone             |       |     2 |       ||     2
Invok: Elemental Force   |       |       |     1 ||     1
Evoke: Wand              |       |     7 |     1 ||     8
  Use: Potion            |     2 |     2 |     2 ||     6
Armor: Scale mail        |     9 |    15 |    10 ||    34
Dodge: Dodged            |     8 |    11 |     9 ||    28
       Deflected         |       |     3 |       ||     3
Block: Shield            |    15 |    39 |    16 ||    70
